SL
BOSTON PATRIOTS @ CHICAGO GOLD SOX
06/28/2032
 
TOP OF THE 1ST
Boston Patriots batting - Pitching for Chicago Gold Sox : LHP Jesús Franco
Pitching: LHP Jesús Franco
Batting: RHB Francisco Agámez 0-0: SINGLE (Flyball, 78M)
Batting: SHB Jorge Velázquez 0-0: Ball
1-0: Called Strike
1-1: Foul Ball, location: 2F
1-2: Foul Ball, location: 2F
1-2: Strikes out swinging
Batting: RHB Omer Yurtseven 0-0: Ball
1-0: Ball
2-0: Fly out, F9 (Line Drive, 9D)
Batting: RHB Andrés Rodríguez 0-0: Called Strike
0-1: Foul Ball, location: 2F
0-2: Ground out U3 (Groundball, 3)
Top of the 1st over - 0 runs, 1 hit, 0 errors, 1 left on base; Boston 0 - Chicago 0
BOTTOM OF THE 1ST
Chicago Gold Sox batting - Pitching for Boston Patriots : RHP Ralph McKinney
Pitching: RHP Ralph McKinney
Batting: LHB Noel Ballard 0-0: Ball
1-0: Ball
2-0: Ball
3-0: Called Strike
3-1: Foul Ball, location: 2F
3-2: Base on Balls
Batting: RHB Hirohisa Ogasawara 0-0: Called Strike
0-1: Ball
1-1: Ball
2-1: Ground out 5-3 (Groundball, 56S)
Noel Ballard to second
Batting: RHB Jay Hood 0-0: Ball
1-0: Ball
2-0: Called Strike
2-1: Fly out, F2 (Popup, 2LF)
Batting: SHB Lupo Cotto 0-0: Ball
1-0: Ball
2-0: Foul Ball, location: 2F
2-1: SINGLE (Groundball, 34D)
Noel Ballard to third
Runner from 3rd tries for Home, SAFE, no throw
Batting: RHB Jeb Sexton 0-0: Ball
1-0: Fly out, F7 (Line Drive, 7S)
Bottom of the 1st over - 1 run, 1 hit, 0 errors, 1 left on base; Boston 0 - Chicago 1
TOP OF THE 2ND
Boston Patriots batting - Pitching for Chicago Gold Sox : LHP Jesús Franco
Batting: RHB Roland Deschain 0-0: Called Strike
0-1: Ball
1-1: TRIPLE (Flyball, 8RXD)
Batting: RHB Shohei Kiyomizu 0-0: Foul Ball, location: 2F
0-1: Ball
1-1: Ball
2-1: Called Strike
2-2: Ball
3-2: Strikes out swinging
Batting: RHB Fernando Silva 0-0: Ball
1-0: Ball
2-0: Ball
3-0: Base on Balls
Batting: RHB Juan Tellado 0-0: Called Strike
0-1: Called Strike
0-2: Ball
1-2: Foul Ball, location: 2F
1-2: Ball
2-2: Ball
3-2: Strikes out looking
Batting: RHB Travis Newsome 0-0: Foul Ball, location: 2F
0-1: Foul Ball, location: 2F
0-2: Strikes out looking
Top of the 2nd over - 0 runs, 1 hit, 0 errors, 2 left on base; Boston 0 - Chicago 1
BOTTOM OF THE 2ND
Chicago Gold Sox batting - Pitching for Boston Patriots : RHP Ralph McKinney
Batting: LHB Sergio Rodríguez 0-0: Ball
1-0: Ball
2-0: Called Strike
2-1: Ball
3-1: Called Strike
3-2: Strikes out swinging
Batting: RHB Manuel Guillama 0-0: Ground out 5-3 (Groundball, 56S)
Batting: RHB Norman Winston 0-0: Swinging Strike
0-1: Swinging Strike
0-2: Strikes out swinging
Bottom of the 2nd over - 0 runs, 0 hits, 0 errors, 0 left on base; Boston 0 - Chicago 1
TOP OF THE 3RD
Boston Patriots batting - Pitching for Chicago Gold Sox : LHP Jesús Franco
Batting: RHB Francisco Agámez 0-0: SINGLE (Groundball, 34D)
Batting: SHB Jorge Velázquez 0-0: Ball
Francisco Agámez is caught stealing 2nd base
1-0: Fly out, F3 (Popup, 3SF)
Batting: RHB Omer Yurtseven 0-0: Ball
1-0: Foul Ball, location: 2F
1-1: Fly out, F9 (Flyball, 9S)
Top of the 3rd over - 0 runs, 1 hit, 0 errors, 0 left on base; Boston 0 - Chicago 1
BOTTOM OF THE 3RD
Chicago Gold Sox batting - Pitching for Boston Patriots : RHP Ralph McKinney
Batting: RHB Zeus Preckwinkle 0-0: Fly out, F8 (Flyball, 8RM)
Batting: LHB Noel Ballard 0-0: Ball
1-0: Foul Ball, location: 2F
1-1: Foul Ball, location: 2F
1-2: SINGLE (Flyball, 7LS)
Batting: RHB Hirohisa Ogasawara 0-0: Swinging Strike
0-1: Ball
1-1: Ball
2-1: TRIPLE (Line Drive, 78XD)
Noel Ballard scores
Batting: RHB Jay Hood 0-0: Ball
1-0: Ball
2-0: Fly out, F7 (Line Drive, 78S)
Runner from 3rd tags up, SCORES, no throw
Batting: SHB Lupo Cotto 0-0: Ball
1-0: Fly out, F6 (Popup, 6M)
Bottom of the 3rd over - 2 runs, 2 hits, 0 errors, 0 left on base; Boston 0 - Chicago 3
TOP OF THE 4TH
Boston Patriots batting - Pitching for Chicago Gold Sox : LHP Jesús Franco
Batting: RHB Andrés Rodríguez 0-0: Ground out U3 (Groundball, 34S)
Batting: RHB Roland Deschain 0-0: Called Strike
0-1: Ball
1-1: Fly out, F9 (Line Drive, 9)
Batting: RHB Shohei Kiyomizu 0-0: Called Strike
0-1: Ball
1-1: Ball
2-1: Foul Ball, location: 2F
2-2: Fly out, F4 (Popup, 34)
Top of the 4th over - 0 runs, 0 hits, 0 errors, 0 left on base; Boston 0 - Chicago 3
BOTTOM OF THE 4TH
Chicago Gold Sox batting - Pitching for Boston Patriots : RHP Ralph McKinney
Batting: RHB Jeb Sexton 0-0: Foul Ball, location: 2F
0-1: Foul Ball, location: 2F
0-2: Foul Ball, location: 2F
0-2: Ground out 5-3 (Groundball, 56)
Batting: LHB Sergio Rodríguez 0-0: Ball
1-0: Ground out 2-3 (Groundball, 15S)
Batting: RHB Manuel Guillama 0-0: Fly out, F6 (Popup, 6)
Bottom of the 4th over - 0 runs, 0 hits, 0 errors, 0 left on base; Boston 0 - Chicago 3
TOP OF THE 5TH
Boston Patriots batting - Pitching for Chicago Gold Sox : LHP Jesús Franco
Batting: RHB Fernando Silva 0-0: Called Strike
0-1: Foul Ball, location: 2F
0-2: Foul Ball, location: 2F
0-2: Ball
1-2: Ground out 4-3 (Groundball, 4)
Batting: RHB Juan Tellado 0-0: Called Strike
0-1: Foul Ball, location: 2F
0-2: Strikes out looking
Batting: RHB Travis Newsome 0-0: Called Strike
0-1: Ball
1-1: Ball
2-1: Foul Ball, location: 2F
2-2: Ball
3-2: Base on Balls
Batting: RHB Francisco Agámez 0-0: Ball
1-0: Ball
2-0: Called Strike
2-1: Fly out, F9 (Line Drive, 9)
Top of the 5th over - 0 runs, 0 hits, 0 errors, 1 left on base; Boston 0 - Chicago 3
BOTTOM OF THE 5TH
Chicago Gold Sox batting - Pitching for Boston Patriots : RHP Ralph McKinney
Batting: RHB Norman Winston 0-0: Ball
1-0: Ball
2-0: Foul Ball, location: 2F
2-1: Foul Ball, location: 2F
2-2: Ball
3-2: Fly out, F9 (Flyball, 9)
Pitching: RHP Shu-de Cui
Batting: RHB Zeus Preckwinkle 0-0: Ball
1-0: Swinging Strike
1-1: Foul Ball, location: 2F
1-2: Ball
2-2: Strikes out swinging
Batting: LHB Noel Ballard 0-0: Ball
1-0: Ball
2-0: Ball
3-0: Base on Balls
Batting: RHB Hirohisa Ogasawara 0-0: Ground out U3 (Groundball, 3)
Bottom of the 5th over - 0 runs, 0 hits, 0 errors, 1 left on base; Boston 0 - Chicago 3
TOP OF THE 6TH
Boston Patriots batting - Pitching for Chicago Gold Sox : LHP Jesús Franco
Batting: SHB Jorge Velázquez 0-0: Called Strike
0-1: Swinging Strike
0-2: Strikes out looking
Batting: RHB Omer Yurtseven 0-0: Ball
1-0: Ball
2-0: Ball
3-0: Called Strike
3-1: Fly out, F5 (Popup, 5SF)
Batting: RHB Andrés Rodríguez 0-0: Fly out, F6 (Popup, 6M)
Top of the 6th over - 0 runs, 0 hits, 0 errors, 0 left on base; Boston 0 - Chicago 3
BOTTOM OF THE 6TH
Chicago Gold Sox batting - Pitching for Boston Patriots : RHP Shu-de Cui
Batting: RHB Jay Hood 0-0: Called Strike
0-1: Foul Ball, location: 2F
0-2: DOUBLE (Flyball, 8LXD)
Batting: SHB Lupo Cotto 0-0: Intentional Walk
Batting: RHB Jeb Sexton 0-0: Ball
1-0: Fly out, F3 (Popup, 23F)
Batting: LHB Sergio Rodríguez 0-0: Ball
1-0: Ball
2-0: Ball
3-0: DOUBLE (Groundball, 3D)
Jay Hood scores
Lupo Cotto to third
Batting: RHB Manuel Guillama 0-0: Ball
1-0: Called Strike
1-1: 3-RUN HOME RUN (Flyball, 7LD), Distance : 444 ft
Batting: RHB Norman Winston 0-0: Ball
1-0: Swinging Strike
1-1: SINGLE (Groundball, 4MD)
Batting: RHB Zeus Preckwinkle 0-0: Called Strike
Norman Winston steals 2nd base
0-1: Ball
1-1: Foul Ball, location: 2F
1-2: 2-RUN HOME RUN (Flyball, 7D), Distance : 402 ft
Batting: LHB Noel Ballard 0-0: Ball
1-0: Called Strike
1-1: Called Strike
1-2: Strikes out looking
Batting: RHB Hirohisa Ogasawara 0-0: Called Strike
0-1: Fly out, F3 (Popup, 23F)
Bottom of the 6th over - 6 runs, 5 hits, 0 errors, 0 left on base; Boston 0 - Chicago 9
TOP OF THE 7TH
Boston Patriots batting - Pitching for Chicago Gold Sox : LHP Jesús Franco
Batting: RHB Roland Deschain 0-0: DOUBLE (Line Drive, 78D)
Batting: RHB Shohei Kiyomizu 0-0: Ball
1-0: Foul Ball, location: 2F
1-1: Fly out, F4 (Popup, 4)
Batting: RHB Fernando Silva 0-0: Called Strike
0-1: Fly out, F4 (Line Drive, 4M)
Batting: RHB Juan Tellado 0-0: Ball
1-0: Fly out, F7 (Line Drive, 7S)
Top of the 7th over - 0 runs, 1 hit, 0 errors, 1 left on base; Boston 0 - Chicago 9
BOTTOM OF THE 7TH
Chicago Gold Sox batting - Pitching for Boston Patriots : RHP Shu-de Cui
Batting: RHB Jay Hood 0-0: Fly out, F7 (Flyball, 7LMF)
Batting: SHB Lupo Cotto 0-0: Foul Ball, location: 2F
0-1: Called Strike
0-2: Strikes out looking
Batting: RHB Jeb Sexton 0-0: Fly out, F6 (Popup, P)
Bottom of the 7th over - 0 runs, 0 hits, 0 errors, 0 left on base; Boston 0 - Chicago 9
TOP OF THE 8TH
Boston Patriots batting - Pitching for Chicago Gold Sox : LHP Jesús Franco
Batting: RHB Travis Newsome 0-0: Ball
1-0: Ball
2-0: Called Strike
2-1: Foul Ball, location: 2F
2-2: Strikes out swinging
Batting: RHB Francisco Agámez 0-0: Ball
1-0: Foul Ball, location: 2F
1-1: Called Strike
1-2: Ground out 5-3 (Groundball, 56S)
Batting: SHB Jorge Velázquez 0-0: Foul Ball, location: 2F
0-1: Ground out 1-3 (Groundball, 13)
Top of the 8th over - 0 runs, 0 hits, 0 errors, 0 left on base; Boston 0 - Chicago 9
BOTTOM OF THE 8TH
Chicago Gold Sox batting - Pitching for Boston Patriots : RHP Shu-de Cui
Pitching: RHP Carlos Ramos
Batting: LHB Sergio Rodríguez 0-0: Foul Ball, location: 2F
0-1: Swinging Strike
0-2: Foul Ball, location: 2F
0-2: Foul Ball, location: 2F
0-2: Strikes out looking
Batting: RHB Manuel Guillama 0-0: Ball
1-0: Ball
2-0: Ground out 6-3 (Groundball, 6)
Batting: RHB Norman Winston 0-0: Called Strike
0-1: Foul Ball, location: 2F
0-2: Ball
1-2: Foul Ball, location: 2F
1-2: Ground out 3-1 (Groundball, 34)
Bottom of the 8th over - 0 runs, 0 hits, 0 errors, 0 left on base; Boston 0 - Chicago 9
TOP OF THE 9TH
Boston Patriots batting - Pitching for Chicago Gold Sox : LHP Jesús Franco
Batting: RHB Omer Yurtseven 0-0: Foul Ball, location: 2F
0-1: Swinging Strike
0-2: Fly out, F9 (Flyball, 9D)
Batting: RHB Andrés Rodríguez 0-0: Ground out 6-3 (Groundball, 6)
Batting: RHB Roland Deschain 0-0: Ball
1-0: Foul Ball, location: 2F
1-1: Foul Ball, location: 2F
1-2: Strikes out looking
Top of the 9th over - 0 runs, 0 hits, 0 errors, 0 left on base; Boston 0 - Chicago 9
Wednesday, September 19th, 2018 - OOTP Baseball 18.8 Build 76